 Dungeon Crawl Stone Soup version 0.31-a0-233-g139696dc86 (webtiles) character file.

Game seed: 9603570072709594963

702 qw the Shooter (level 7, -3/43 HPs)
             Began as a Gargoyle Hexslinger on July 7, 2023.
             Killed from afar by an orc wizard (7 damage)
             ... with a magic dart
             ... on level 6 of the Dungeon.
             The game lasted 00:02:28 (4767 turns).

qw the Shooter (Gargoyle Hexslinger)                Turns: 4767, Time: 00:02:28

Health: -3/43      AC: 17    Str: 12    XL:     7   Next: 66%
Magic:  8/8        EV: 11    Int: 13    God:
Gold:   391        SH:  0    Dex: 20    Spells: 7/8 levels left

rFire   . . .        Y - +1 sling
rCold   . . .        (no shield)
rNeg    + . .        g - +0 ring mail
rPois   inf          (no helmet)
rElec   +            (no cloak)
rCorr   .            (no gloves)
SInv    .            f - +2 pair of boots
Will    .....        d - amulet of faith
Stlth   +            e - +4 ring of protection
HPRegen 0.27/turn    k - +6 ring of dexterity
MPRegen 0.11/turn

%: faith
@: about to teleport
A: sickness immunity, AC +4, negative energy resistance 1, electricity
resistance, torment resistance 1, petrification resistance
a: no special abilities


You were on level 6 of the Dungeon.
You visited 1 branch of the dungeon, and saw 6 of its levels.

You collected 391 gold pieces.


Innate Abilities, Weirdness & Mutations

You are immune to sickness and miasma.
Your stone body is resilient. (AC +4)
You are immune to poison.
You resist negative energy. (rN+)
You are resistant to electric shocks. (rElec)
You are resistant to unholy torment.
You are immune to petrification.


   Skills:
 - Level 4.2 Fighting
 + Level 7.1 Ranged Weapons
 - Level 1.2 Armour
 - Level 2.1 Dodging
 - Level 1.0 Spellcasting
 - Level 2.6 Hexes


You had 7 spell levels left.
You knew the following spells:

 Your Spells              Type           Power      Damage    Failure   Level
a - Slow                  Hex            28%        N/A       22%         1

Your spell library contained the following spells:

 Spells                   Type           Power      Damage    Failure   Level
 Inner Flame              Hex/Fire       4%         N/A       73%         3
 Portal Projectile        Hex/Tloc       8%         N/A       73%         3
 Cause Fear               Hex            3%         N/A       91%         4

Inventory:

Hand Weapons
 Y - a +1 sling (weapon)
Armour
 f - a +2 pair of boots (worn)
 g - a +0 ring mail (worn)
Jewellery
 d - an amulet of faith (around neck)
 e - a +4 ring of protection (left hand)
 k - a +6 ring of dexterity (right hand)
Scrolls
 a - a scroll of identify
 b - a scroll of teleportation
Potions
 c - a potion of haste
 j - 4 potions of curing
 l - a potion of mutation {unknown}

Dungeon Overview and Level Annotations

Branches:
Dungeon (6/15)
 Temple: D:4-7

Altars:
Elyvilon
Sif Muna
Vehumet

Shops:
D:3 :


Message History

The orc warrior hits you with a +0 hand axe.
The ice beast misses you.
You shoot a sling bullet. The sling bullet hits the ice beast.
The ice beast is moderately wounded.
Something hits you but does no damage. The orc warrior closely misses you.
The ice beast hits you but does no damage.
You shoot a sling bullet. The sling bullet hits the ice beast.
The ice beast is heavily wounded.
Something hits you but does no damage.
The orc warrior hits you with a +0 hand axe.
The ice beast hits you but does no damage.
You shoot a sling bullet.
The sling bullet barely misses the ice beast.
Something hits you but does no damage.
The orc warrior hits you but does no damage.
The ice beast hits you but does no damage.
You shoot a sling bullet. The sling bullet hits the ice beast.
The ice beast is heavily wounded.
Something hits you but does no damage.
The orc warrior hits you with a +0 hand axe.
The ice beast hits you but does no damage.
4765 ||| READING 2 scrolls of teleportation.
As you read the scroll of teleportation, it crumbles to dust.
You feel strangely unstable. Something hits you but does no damage.
The orc warrior hits you but does no damage.
You hear a zap.
You hear a grinding noise.
The ice beast hits you but does no damage.
An orc comes into view. It is wielding a +0 club.
You shoot a sling bullet.
The sling bullet closely misses the ice beast.
The orc warrior hits you with a +0 hand axe.
The ice beast hits you but does no damage.
You shoot a sling bullet.
The sling bullet hits the ice beast but does no damage.
The ice beast is heavily wounded.
You hear some strange, mumbled words.
A magic dart appears from out of thin air!
The magic dart hits you!
You die...

## ## #. .# # #. .#
[..#.#o#### .#
.....o.@..##.#
......Y{.....######
##.....##.........#
##...# ###.##.##.#
##.# #.##.##.# #.
#.##.##.# #
#.##.##.# #.##.##.#
#.......#


You could see an orc warrior, an ice beast and an orc.

Vanquished Creatures
  A black bear (D:5)
  2 scorpions
  2 hounds (D:5)
  3 iguanas
  Natasha (thrice) (D:3)
  4 orc wizards
  4 gnolls (D:4)
  5 adders
  2 white imps (D:5)
  A worm (D:2)
  3 dart slugs
  14 orcs
  4 bats
  8 endoplasms
  4 giant cockroaches
  4 goblins
  2 hobgoblins (D:3)
  6 kobolds
  A quokka (D:3)
  7 ball pythons
  3 frilled lizards
  6 rats
89 creatures vanquished.

Notes
Turn   | Place    | Note
-------+----------+-------------------------------------------
     0 | D:1      | qw the Gargoyle Hexslinger began the quest for the Orb.
     0 | D:1      | Reached XP level 1. HP: 12/12 MP: 2/2
     0 | D:1      | 0 ||| qw: Version: 0.3-a-46-gb1f654a
     0 | D:1      | 0 ||| qw: Game counter: 3284
     0 | D:1      | 0 ||| qw: Melee chars always use a shield: true
     0 | D:1      | 0 ||| qw: God list: Okawaru
     0 | D:1      | 0 ||| qw: Allow faded altars: false
     0 | D:1      | 0 ||| qw: Do Orc after clearing Dungeon:15 true
     0 | D:1      | 0 ||| qw: Do second Lair branch before Depths: true
     0 | D:1      | 0 ||| qw: Lair rune preference: random
     0 | D:1      | 0 ||| qw: Goals: Normal
     0 | D:1      | 0 ||| PLANNING D:1-11
   103 | D:1      | Reached XP level 2. HP: 13/16 MP: 3/3
   254 | D:1      | Reached skill level 3 in Ranged Weapons
   828 | D:1      | 828 ||| UPGRADING to +2 pair of boots.
   833 | D:1      | 833 ||| UPGRADING to +0 ring mail.
   843 | D:1      | 843 ||| DROPPING +0 robe.
   844 | D:1      | 844 ||| UPGRADING to amulet of guardian spirit.
   849 | D:1      | 849 ||| UPGRADING to +4 ring of protection.
   850 | D:1      | 850 ||| UPGRADING to +6 ring of dexterity.
   851 | D:1      | 851 ||| READING 3 scrolls labelled QAVOSO MOLYQUK.
   852 | D:1      | 852 ||| READING 2 scrolls of identify.
   852 | D:1      | 852 ||| IDENTIFYING bubbling purple potion
   853 | D:1      | 853 ||| DROPPING scroll of poison.
   882 | D:2      | Reached XP level 3. HP: 21/21 MP: 4/4
   952 | D:2      | Reached skill level 1 in Armour
  1069 | D:2      | Found a radiant altar of Vehumet.
  1370 | D:2      | 1370 ||| READING scroll labelled DELAEQ VOIVA.
  1382 | D:2      | 1382 ||| READING 2 scrolls labelled JUPEBI XIQE.
  1383 | D:2      | 1383 ||| READING 3 scrolls labelled NUQUSA FECWE.
  1386 | D:2      | 1386 ||| DROPPING scroll of immolation.
  1461 | D:3      | Found Ubbejiukh's Book Emporium.
  1587 | D:3      | You fall into a shaft and drop 2 floors!
  1587 | D:5      | Entered Level 5 of the Dungeon
  1603 | D:5      | HP: 4/21 [white imp (4)]
  1604 | D:5      | 1604 ||| READING 2 scrolls of teleportation.
  1605 | D:5      | 1605 ||| DRINKING potion of heal wounds.
  1607 | D:5      | Reached XP level 4. HP: 24/26 MP: 2/5
  1661 | D:5      | Reached skill level 4 in Ranged Weapons
  1718 | D:5      | HP: 4/26 [something (3)]
  1719 | D:5      | 1719 ||| READING scroll of teleportation.
  1808 | D:5      | 1808 ||| UPGRADING to amulet of faith.
  1818 | D:5      | 1818 ||| DROPPING amulet of guardian spirit.
  1819 | D:5      | 1819 ||| DROPPING ring of positive energy.
  1820 | D:5      | 1820 ||| READING 2 scrolls of identify.
  1820 | D:5      | 1820 ||| IDENTIFYING golden potion
  1821 | D:5      | 1821 ||| Stepping randomly (stuck).
  1822 | D:5      | 1822 ||| Stepping randomly (stuck).
  1823 | D:5      | 1823 ||| Stepping randomly (stuck).
  1824 | D:5      | 1824 ||| Stepping randomly (stuck).
  1825 | D:5      | 1825 ||| Stepping randomly (stuck).
  1826 | D:5      | 1826 ||| Stepping randomly (stuck).
  1827 | D:5      | 1827 ||| Stepping randomly (stuck).
  1828 | D:5      | 1828 ||| Stepping randomly (stuck).
  1829 | D:5      | 1829 ||| Stepping randomly (stuck).
  1830 | D:5      | 1830 ||| Stepping randomly (stuck).
  1831 | D:5      | 1831 ||| Stepping randomly (stuck).
  1832 | D:5      | 1832 ||| Stepping randomly (stuck).
  1833 | D:5      | 1833 ||| Stepping randomly (stuck).
  1834 | D:5      | 1834 ||| Stepping randomly (stuck).
  1835 | D:5      | 1835 ||| Stepping randomly (stuck).
  1836 | D:5      | 1836 ||| Stepping randomly (stuck).
  1837 | D:5      | 1837 ||| Stepping randomly (stuck).
  1838 | D:5      | 1838 ||| Stepping randomly (stuck).
  1839 | D:5      | 1839 ||| Stepping randomly (stuck).
  1840 | D:5      | 1840 ||| Stepping randomly (stuck).
  1841 | D:5      | 1841 ||| Stepping randomly (stuck).
  1842 | D:5      | 1842 ||| Stepping randomly (stuck).
  1843 | D:5      | 1843 ||| Stepping randomly (stuck).
  1844 | D:5      | 1844 ||| Stepping randomly (stuck).
  1845 | D:5      | 1845 ||| Stepping randomly (stuck).
  1846 | D:5      | 1846 ||| Stepping randomly (stuck).
  1847 | D:5      | 1847 ||| Stepping randomly (stuck).
  1848 | D:5      | 1848 ||| Stepping randomly (stuck).
  1849 | D:5      | 1849 ||| Stepping randomly (stuck).
  1850 | D:5      | 1850 ||| Stepping randomly (stuck).
  1851 | D:5      | 1851 ||| Stepping randomly (stuck).
  1852 | D:5      | 1852 ||| Stepping randomly (stuck).
  1853 | D:5      | 1853 ||| Stepping randomly (stuck).
  1854 | D:5      | 1854 ||| Stepping randomly (stuck).
  1855 | D:5      | 1855 ||| Stepping randomly (stuck).
  1856 | D:5      | 1856 ||| Stepping randomly (stuck).
  1857 | D:5      | 1857 ||| Stepping randomly (stuck).
  1858 | D:5      | 1858 ||| Stepping randomly (stuck).
  1859 | D:5      | 1859 ||| Stepping randomly (stuck).
  1860 | D:5      | 1860 ||| Stepping randomly (stuck).
  1861 | D:5      | 1861 ||| Stepping randomly (stuck).
  1862 | D:5      | 1862 ||| Stepping randomly (stuck).
  1863 | D:5      | 1863 ||| Stepping randomly (stuck).
  1864 | D:5      | 1864 ||| Stepping randomly (stuck).
  1865 | D:5      | 1865 ||| Stepping randomly (stuck).
  1866 | D:5      | 1866 ||| Stepping randomly (stuck).
  1867 | D:5      | 1867 ||| Stepping randomly (stuck).
  1868 | D:5      | 1868 ||| Stepping randomly (stuck).
  1869 | D:5      | 1869 ||| Stepping randomly (stuck).
  1870 | D:5      | 1870 ||| Stepping randomly (stuck).
  1871 | D:5      | 1871 ||| Stepping randomly (stuck).
  1872 | D:5      | 1872 ||| Stepping randomly (stuck).
  1873 | D:5      | 1873 ||| Stepping randomly (stuck).
  1874 | D:5      | 1874 ||| Stepping randomly (stuck).
  1875 | D:5      | 1875 ||| Stepping randomly (stuck).
  1876 | D:5      | 1876 ||| Stepping randomly (stuck).
  1877 | D:5      | 1877 ||| Stepping randomly (stuck).
  1878 | D:5      | 1878 ||| Stepping randomly (stuck).
  1879 | D:5      | 1879 ||| Stepping randomly (stuck).
  1880 | D:5      | 1880 ||| Stepping randomly (stuck).
  1881 | D:5      | 1881 ||| Stepping randomly (stuck).
  1882 | D:5      | 1882 ||| Stepping randomly (stuck).
  1883 | D:5      | 1883 ||| Stepping randomly (stuck).
  1884 | D:5      | 1884 ||| Stepping randomly (stuck).
  1885 | D:5      | 1885 ||| Stepping randomly (stuck).
  1886 | D:5      | 1886 ||| Stepping randomly (stuck).
  1887 | D:5      | 1887 ||| Stepping randomly (stuck).
  1888 | D:5      | 1888 ||| Stepping randomly (stuck).
  1889 | D:5      | 1889 ||| Stepping randomly (stuck).
  1890 | D:5      | 1890 ||| Stepping randomly (stuck).
  1891 | D:5      | 1891 ||| Stepping randomly (stuck).
  1892 | D:5      | 1892 ||| Stepping randomly (stuck).
  1893 | D:5      | 1893 ||| Stepping randomly (stuck).
  1894 | D:5      | 1894 ||| Stepping randomly (stuck).
  1895 | D:5      | 1895 ||| Stepping randomly (stuck).
  1896 | D:5      | 1896 ||| Stepping randomly (stuck).
  1897 | D:5      | 1897 ||| Stepping randomly (stuck).
  1898 | D:5      | 1898 ||| Stepping randomly (stuck).
  1899 | D:5      | 1899 ||| Stepping randomly (stuck).
  1900 | D:5      | 1900 ||| Stepping randomly (stuck).
  1901 | D:5      | 1901 ||| Stepping randomly (stuck).
  1902 | D:5      | 1902 ||| Stepping randomly (stuck).
  1903 | D:5      | 1903 ||| Stepping randomly (stuck).
  1904 | D:5      | 1904 ||| Stepping randomly (stuck).
  1905 | D:5      | 1905 ||| Stepping randomly (stuck).
  1906 | D:5      | 1906 ||| Stepping randomly (stuck).
  1907 | D:5      | 1907 ||| Stepping randomly (stuck).
  1908 | D:5      | 1908 ||| Stepping randomly (stuck).
  1909 | D:5      | 1909 ||| Stepping randomly (stuck).
  1910 | D:5      | 1910 ||| Stepping randomly (stuck).
  1911 | D:5      | 1911 ||| Stepping randomly (stuck).
  1912 | D:5      | 1912 ||| Stepping randomly (stuck).
  1913 | D:5      | 1913 ||| Stepping randomly (stuck).
  1914 | D:5      | 1914 ||| Stepping randomly (stuck).
  1915 | D:5      | 1915 ||| Stepping randomly (stuck).
  1916 | D:5      | 1916 ||| Stepping randomly (stuck).
  1917 | D:5      | 1917 ||| Stepping randomly (stuck).
  1918 | D:5      | 1918 ||| Stepping randomly (stuck).
  1919 | D:5      | 1919 ||| Stepping randomly (stuck).
  1920 | D:5      | 1920 ||| Stepping randomly (stuck).
  1921 | D:5      | 1921 ||| Stepping randomly (stuck).
  1922 | D:5      | 1922 ||| Stepping randomly (stuck).
  1923 | D:5      | 1923 ||| Stepping randomly (stuck).
  1924 | D:5      | 1924 ||| Stepping randomly (stuck).
  1925 | D:5      | 1925 ||| Stepping randomly (stuck).
  1926 | D:5      | 1926 ||| Stepping randomly (stuck).
  1927 | D:5      | 1927 ||| Stepping randomly (stuck).
  1928 | D:5      | 1928 ||| Stepping randomly (stuck).
  1929 | D:5      | 1929 ||| Stepping randomly (stuck).
  1930 | D:5      | 1930 ||| Stepping randomly (stuck).
  1931 | D:5      | 1931 ||| Stepping randomly (stuck).
  1932 | D:5      | 1932 ||| Stepping randomly (stuck).
  1933 | D:5      | 1933 ||| Stepping randomly (stuck).
  1934 | D:5      | 1934 ||| Stepping randomly (stuck).
  1935 | D:5      | 1935 ||| Stepping randomly (stuck).
  1936 | D:5      | 1936 ||| Stepping randomly (stuck).
  1937 | D:5      | 1937 ||| Stepping randomly (stuck).
  1938 | D:5      | 1938 ||| Stepping randomly (stuck).
  1939 | D:5      | 1939 ||| Stepping randomly (stuck).
  1940 | D:5      | 1940 ||| Stepping randomly (stuck).
  1941 | D:5      | 1941 ||| Stepping randomly (stuck).
  1942 | D:5      | 1942 ||| Stepping randomly (stuck).
  1943 | D:5      | 1943 ||| Stepping randomly (stuck).
  1944 | D:5      | 1944 ||| Stepping randomly (stuck).
  1945 | D:5      | 1945 ||| Stepping randomly (stuck).
  1946 | D:5      | 1946 ||| Stepping randomly (stuck).
  1947 | D:5      | 1947 ||| Stepping randomly (stuck).
  1948 | D:5      | 1948 ||| Stepping randomly (stuck).
  1949 | D:5      | 1949 ||| Stepping randomly (stuck).
  1950 | D:5      | 1950 ||| Stepping randomly (stuck).
  1951 | D:5      | 1951 ||| Stepping randomly (stuck).
  1952 | D:5      | 1952 ||| Stepping randomly (stuck).
  1953 | D:5      | 1953 ||| Stepping randomly (stuck).
  1954 | D:5      | 1954 ||| Stepping randomly (stuck).
  1955 | D:5      | 1955 ||| Stepping randomly (stuck).
  1956 | D:5      | 1956 ||| Stepping randomly (stuck).
  1957 | D:5      | 1957 ||| Stepping randomly (stuck).
  1958 | D:5      | 1958 ||| Stepping randomly (stuck).
  1959 | D:5      | 1959 ||| Stepping randomly (stuck).
  1960 | D:5      | 1960 ||| Stepping randomly (stuck).
  1961 | D:5      | 1961 ||| Stepping randomly (stuck).
  1962 | D:5      | 1962 ||| Stepping randomly (stuck).
  1963 | D:5      | 1963 ||| Stepping randomly (stuck).
  1964 | D:5      | 1964 ||| Stepping randomly (stuck).
  1965 | D:5      | 1965 ||| Stepping randomly (stuck).
  1966 | D:5      | 1966 ||| Stepping randomly (stuck).
  1967 | D:5      | 1967 ||| Stepping randomly (stuck).
  1968 | D:5      | 1968 ||| Stepping randomly (stuck).
  1969 | D:5      | 1969 ||| Stepping randomly (stuck).
  1970 | D:5      | 1970 ||| Stepping randomly (stuck).
  1971 | D:5      | 1971 ||| Stepping randomly (stuck).
  1972 | D:5      | 1972 ||| Stepping randomly (stuck).
  1979 | D:5      | 1979 ||| DRINKING potion of curing.
  1979 | D:5      | 1979 ||| (to cure confusion)
  1986 | D:5      | Reached XP level 5. HP: 30/30 MP: 6/6
  1995 | D:5      | Noticed a black bear
  2004 | D:5      | Killed a black bear
  2005 | D:5      | Reached skill level 5 in Ranged Weapons
  2128 | D:4      | Reached XP level 6. HP: 19/36 MP: 7/7
  2349 | D:3      | Noticed Natasha
  2350 | D:3      | 2350 ||| Stepping ~*~*~tactically~*~*~ (water).
  2368 | D:3      | Killed Natasha
  2369 | D:3      | Reached skill level 3 in Fighting
  2610 | D:3      | Found a faded altar of an unknown god.
  2741 | D:3      | Noticed Natasha
  2745 | D:3      | Killed Natasha
  3078 | D:3      | Noticed Natasha
  3086 | D:3      | Killed Natasha
  3114 | D:3      | 3114 ||| DROPPING scarf of harm.
  3115 | D:3      | 3115 ||| DRINKING 2 murky emerald potions.
  3116 | D:3      | 3116 ||| READING 2 scrolls of identify.
  3116 | D:3      | 3116 ||| IDENTIFYING ruby potion
  3117 | D:3      | 3117 ||| DROPPING potion of attraction.
  3207 | D:4      | Reached skill level 6 in Ranged Weapons
  3316 | D:4      | 3316 ||| Stepping ~*~*~tactically~*~*~ (outnumbered).
  3745 | D:4      | Reached XP level 7. HP: 42/43 MP: 8/8
  4370 | D:5      | Reached skill level 7 in Ranged Weapons
  4428 | D:5      | Found a white marble altar of Elyvilon.
  4585 | D:5      | Found a shimmering blue altar of Sif Muna.
  4683 | D:5      | 4683 ||| DRINKING 3 sedimented inky potions.
  4708 | D:5      | 4708 ||| READING 2 scrolls of identify.
  4708 | D:5      | 4708 ||| IDENTIFYING clear potion
  4709 | D:5      | 4709 ||| DROPPING potion of berserk rage.
  4710 | D:5      | 4710 ||| DROPPING 2 potions of lignification.
  4764 | D:6      | HP: 6/43 [orc warrior/+0 hand axe (5)]
  4765 | D:6      | 4765 ||| READING 2 scrolls of teleportation.
  4767 | D:6      | Killed from afar by an orc wizard

Levels and vault maps discovered:
D:1:      psy_arrival_fountain, layout_basic, chequers_serial_rivers_small_b,
          item_on_display_a
D:2:      layout_rooms, basic_altar
D:3:      layout_basic, serial_shops, shop_coins,
          hellmonk_ecumenical_altar_run_dry, serial_park_tiny_2,
          minmay_liquid_box, st_stairs_1, uniq_natasha
D:4:      layout_basic
D:5:      layout_basic, led_sif_book, mainiacjoe_overflow_boulevard
D:6:      layout_loops_corners, minmay_temple_entry_tees, gammafunk_ghost_arena,
          uniq_grinder

Skill      XL: |  1  2  3  4  5  6  7 |
---------------+----------------------+-----
Ranged Weapons | 3 4 5 6 7 |  7.1
Fighting       | 2 4 |  4.2
Armour         | 1 |  1.2
Dodging        | 2 |  2.1
Spellcasting   | |  1.0
Hexes          | |  2.6

Action                     |  1- 3 |  4- 6 |  7- 9 || total
---------------------------+-------+-------+-------++-------
   Fire: Sling             |   134 |   208 |    98 ||   440
    Use: Scroll            |     6 |     3 |     2 ||    11
         Potion            |     1 |     2 |     1 ||     4
 Armour: Robe              |    15 |       |       ||    15
         Ring mail         |    24 |    97 |    38 ||   159
  Dodge: Dodged            |    78 |    99 |    41 ||   218

Table legend:
 A = Non-vault XP
 B = Vault XP
 C = Vault XP percentage of total XP
 D = Non-vault monster count
 E = Vault monster count
 F = Vault count percentage of total count
                 A         B        C        D         E       F
            +---------+---------+-------+---------+---------+-------
      Total |     893 |     110 |  11.0 |      84 |       5 |   5.6
            +---------+---------+-------+---------+---------+-------
        D:1 |      27 |       0 |   0.0 |      17 |       0 |   0.0
        D:2 |      42 |       0 |   0.0 |      15 |       0 |   0.0
        D:3 |      86 |      40 |  31.7 |       9 |       3 |  25.0
        D:4 |     289 |       0 |   0.0 |      27 |       0 |   0.0
        D:5 |     446 |      70 |  13.6 |      15 |       2 |  11.8
        D:6 |       3 |       0 |   0.0 |       1 |       0 |   0.0
            +---------+---------+-------+---------+---------+-------
